cohdb
Replays
Latest Replays
All Replays
Popular Replays
Top Player Replays
Match Explorer
How It Works
Community
CoH3 Stats
Reddit
Sign in to upload your games and track your stats! →
Sign in with Steam
Match 47094562
Unlisted
Match 47094562
Overview
Messages
Build Orders
End
Kettenkrad Recon Vehicle
Selects Luftwaffe Battlegroup
Selects Luftwaffe Pioneer Support
Fallschirmpioneer Squad Paradrop
Fallschirmpioneer Squad Paradrop
Construct Infanterie Kompanie
Infanterie Officer Quarters
Selects Stuka Strafing Run
MG 42 Machine Gun Team
Fallschirmpioneer Squad Paradrop
Selects Fallschirmjäger Squad Paradrop
Stuka Strafing Run
Fallschirmjäger Squad Paradrop
ME.COM
haywire500
h4sjohnson
ionwood
BULK BOGAN
Ghost
ordna
Agent-S
0
0
Comments
sign in to comment!
No comments posted yet!